 Dungeon Crawl Stone Soup version 0.28-a0-500-g121bc3e445 (webtiles) character file.

Game seed: 3943291224170573138

27 spiderkeys the Skirmisher (level 3, -1/35 HPs)
             Began as a Gnoll Abyssal Knight on Sept 20, 2021.
             Was a Follower of Lugonu.
             Slain by a tormentor (3 damage)
             ... on level 1 of the Abyss.
             The game lasted 00:00:38 (236 turns).

spiderkeys the Skirmisher (Gnoll Abyssal Knight)     Turns: 236, Time: 00:00:38

Health: -1/35      AC:  3    Str: 13    XL:     3   Next: 10%
Magic:  6/6        EV: 12    Int:  9    God:    Lugonu [*.....]
Gold:   0          SH:  0    Dex: 12    Spells: 3/3 levels left

rFire   . . .      SeeInvis .   a - +1 spear
rCold   . . .      Faith    .   (no shield)
rNeg    . . .      Spirit   .   b - +0 leather armour
rPois   .          Reflect  .   (no helmet)
rElec   .          Harm     .   (no cloak)
rCorr   .          Rampage  .   (no gloves)
Will    .....                   (no boots)
Stlth   +.........              (no amulet)
HPRegen 0.11/turn               (no ring)
MPRegen 0.10/turn               (no ring)

@: no status effects
A: fangs 1, strong nose, distributed training
a: Renounce Religion, Depart the Abyss


You were on level 1 of the Abyss.
You worshipped Lugonu.
Lugonu was aware of your devotion.
You visited 0 branches of the dungeon, and saw 0 of its levels.
You visited the Abyss 1 time.


Innate Abilities, Weirdness & Mutations

You have very sharp teeth.
Your uncanny sense of smell can sniff out nearby items.
Your experience applies equally to all skills.


   Skills:
 + Level 6.5 Fighting
 + Level 0.6 Short Blades
 + Level 0.6 Long Blades
 + Level 0.6 Axes
 + Level 0.6 Maces & Flails
 + Level 4.5 Polearms
 + Level 0.6 Staves
 + Level 0.6 Slings
 + Level 0.6 Bows
 + Level 0.6 Crossbows
 + Level 0.6 Throwing
 + Level 4.5 Armour
 + Level 2.5 Dodging
 + Level 0.6 Stealth
 + Level 0.6 Shields
 + Level 0.6 Unarmed Combat
 + Level 0.6 Spellcasting
 + Level 0.4 Conjurations
 + Level 0.4 Hexes
 + Level 0.4 Summonings
 + Level 0.4 Necromancy
 + Level 0.4 Translocations
 + Level 0.4 Transmutations
 + Level 0.4 Fire Magic
 + Level 0.4 Ice Magic
 + Level 0.4 Air Magic
 + Level 0.4 Earth Magic
 + Level 0.4 Poison Magic
 + Level 4.5 Invocations
 + Level 0.6 Evocations


You had 3 spell levels left.
You didn't know any spells.
Your spell library was empty.

Inventory:

Hand Weapons
 a - a +1 spear (weapon)
Missiles
 d - 28 stones
Armour
 b - a +0 leather armour (worn)

Dungeon Overview and Level Annotations

Branches:
Dungeon (0/15)

Altars:

# . ..
. . # .
##
##### .
. #@#.#
#.. #.
..
#2####.
. . .
#.#
##.#
#.. . .
# # ..#
. # .
... .#.
.. # #.
# # #
.. # .#
# . . .
## ## #
. # . #


You could see a tormentor.


Message History

🤖 Initializing magus.rc ...
Options error: Delay interrupt name "hungry" not recognised. (~/.crawlrc:4988) ✅ Successfully initialized magus.rc [v1.9.10] Welcome, spiderkeys the Gnoll Abyssal Knight.
Will you prevail where others failed? Will you find the Orb of Zot?
Lugonu says: Depart the Abyss and spread corruption, my servant! (use the ability menu to exit the Abyss) Press ? for a list of commands and other information.
Found a bubbling sapphire potion.
Found two corrupted altars of Lugonu.
Unknown command.
Press < or > to pray at altars.
c - a bubbling sapphire potion
There is a corrupted altar of Lugonu here.
There is a corrupted altar of Lugonu here.
There is a corrupted altar of Lugonu here.
d - 28 stones Key pressed, stopping explore.
No target in view!
An iron imp comes into view.
You reach to attack!
You hit the iron imp.
You reach to attack!
You barely miss the iron imp. You closely miss the iron imp.
The iron imp barely misses you.
You hit the iron imp. You hit the iron imp. Your bite misses the iron imp.
The iron imp hits you. 😮 HP[-6]
You take 6 damage, and now have 17/23 hp.
MASSIVE DAMAGE!! (PAUSE)
You hit the iron imp.
The iron imp hits you but does no damage.
It was a potion of cancellation.
You feel magically purged. The iron imp barely misses you.
You hit the iron imp but do no damage. The iron imp hits you!
* * * LOW HITPOINT WARNING * * *
😨 HP[-7]
You take 7 damage, and now have 10/23 hp.
MASSIVE DAMAGE!! (PAUSE)
You hit the iron imp. You barely miss the iron imp.
The iron imp closely misses you.
You barely miss the iron imp. The iron imp hits you.
* * * LOW HITPOINT WARNING * * *
😱 HP[-5]
You take 5 damage, and now have 5/23 hp.
MASSIVE DAMAGE!! (PAUSE)
You hit the iron imp.
You kill the iron imp!
You have reached level 2!
You have reached level 3!
Your experience leads to an increase in your attributes!
Increase (S)trength, (I)ntelligence, or (D)exterity?
You feel stronger. 😨 HP[+4] MP[+3]
You now have 35 max hp (+12).
You regained 4 hp, and now have 9/35 hp.
Your mp is fully restored (6).
The substance of the Abyss twists violently, and a gateway leading out appears!
A tormentor comes into view. 😨 HP[+8]
You regained 8 hp, and now have 17/35 hp.
The tormentor roars!
The tormentor calls on the powers of darkness!
Your body is wracked with pain!
* * * LOW HITPOINT WARNING * * *
😨 HP[-7]
You take 7 damage, and now have 10/35 hp.
You are too injured to fight recklessly!
You are too injured to fight recklessly!
You barely miss the tormentor. The tormentor hits you.
* * * LOW HITPOINT WARNING * * *
You writhe in agony.
* * * LOW HITPOINT WARNING * * *
The tormentor barely misses you. 😱 HP[-4]
You take 4 damage, and now have 6/35 hp.
You hit the tormentor but do no damage. Your bite misses the tormentor.
The tormentor hits you.
* * * LOW HITPOINT WARNING * * *
You writhe in agony.
You die...

Action                   || total
-------------------------++-------
Melee: Spear             ||    13
  Use: Potion            ||     1
Armor: Leather armour    ||     1
Dodge: Dodged            ||     4

Levels and vault maps discovered:
Abyss:1:  base: Temple, evilmike_abyss_exit_plants, minivault_23, base:
Temple

Notes
Turn   | Place    | Note
-------+----------+-------------------------------------------
     0 | Abyss:1  | spiderkeys the Gnoll Abyssal Knight began the quest for the
                  | Orb.
     0 | Abyss:1  | Reached XP level 1. HP: 23/23 MP: 3/3
     0 | Abyss:1  | magus.rc [v1.9.10]
   132 | Abyss:1  | Noticed an iron imp
   157 | Abyss:1  | HP: 5/23 [iron imp (5)]
   158 | Abyss:1  | Killed an iron imp
   159 | Abyss:1  | Reached XP level 2. HP: 7/29 MP: 5/5
   159 | Abyss:1  | Reached XP level 3. HP: 9/35 MP: 6/6
   230 | Abyss:1  | Noticed a tormentor
   235 | Abyss:1  | HP: 8/35 [tormentor (2)]
   236 | Abyss:1  | HP: 2/35 [tormentor (4)]
   236 | Abyss:1  | Slain by a tormentor

Vanquished Creatures
  An iron imp (Abyss:1)
1 creature vanquished.

Vanquished Creatures (others)
  A demonic plant (Abyss:1)
1 creature vanquished.

Grand Total: 2 creatures vanquished

Table legend:
 A = Non-vault XP
 B = Vault XP
 C = Vault XP percentage of total XP
 D = Non-vault monster count
 E = Vault monster count
 F = Vault count percentage of total count
                 A         B        C        D         E       F
            +---------+---------+-------+---------+---------+-------
      Total |      39 |       0 |   0.0 |       1 |       0 |   0.0
            +---------+---------+-------+---------+---------+-------
    Abyss:1 |      39 |       0 |   0.0 |       1 |       0 |   0.0
            +---------+---------+-------+---------+---------+-------

Illustrated notes

Table legend:
 A = Kills in this place as a percentage of kills in entire the game.
 B = Kills by you in this place as a percentage of kills by you in the entire game.
 C = Kills by friends in this place as a percentage of kills by friends in the entire game.
 D = Other kills in this place as a percentage of other kills in the entire game.
 E = Experience gained in this place as a percentage of experience gained in the entire game.
 F = Experience gained in this place divided by the number of levels of this place that you have seen.
                   A       B       C       D       E      F
               +-------+-------+-------+-------+-------+----------------------
         Total | 100.0 | 100.0 |   N/A |   N/A | 100.0 |  39.0
         Abyss | 100.0 | 100.0 |   N/A |   N/A | 100.0 |  39.0
               +-------+-------+-------+-------+-------+----------------------

Table legend: (Time is in decaauts)
 A = Elapsed time spent in this place.
 B = Non-inter-level travel time spent in this place.
 C = Inter-level travel time spent in this place.
 D = Time resting spent in this place.
 E = Time spent auto-exploring this place.
 F = Levels seen in this place.
 G = Mean time per level.
                   A        B        C        D        E       F      G
               +--------+--------+--------+--------+--------+-----+--------+
         Total |    234 |    234 |      0 |      0 |    172 |   1 |  234.0 |
         Abyss |    234 |    234 |      0 |      0 |    172 |   1 |  234.0 |
               +--------+--------+--------+--------+--------+-----+--------+

Top non-repeatable levels by time:
 Abyss:1: 234 daAuts
